 Dungeon Crawl Stone Soup version 0.30-a0-800-g7c544603b3 (webtiles) character file.

Game seed: 12811116821891010550

41 cheesebisquit the Covered (level 3, -11/31 (33) HPs)
             Began as a Minotaur Fighter on Feb 21, 2023.
             Mangled by Crazy Yiuf
             ... wielding a +4 quarterstaff of chaos
              (13 damage)
             ... while paralysed by Crazy Yiuf
             ... on level 2 of the Dungeon.
             The game lasted 00:03:30 (1538 turns).

cheesebisquit the Covered (Minotaur Fighter)        Turns: 1538, Time: 00:03:30

HP:   -11/31 (33)   AC:  9    Str: 22    XL:     3   Next: 32%
MP:   2/2           EV:  2    Int:  5    God:
Gold: 92            SH:  0    Dex:  9    Spells: 2/2 levels left

rFire   . . .      SeeInvis .    a - +0 war axe
rCold   . . .      Faith    .    c - +0 buckler
rNeg    . . .      Spirit   .    h - +0 chain mail
rPois   .          Reflect  .    (helmet restricted)
rElec   .          Harm     .    (no cloak)
rCorr   .          Rampage  .    (no gloves)
Will    .....                    (no boots) Stlth
                                 (no amulet)
HPRegen 0.25/turn                (no ring)
MPRegen 0.08/turn                (no ring)

@: paralysed, drained
A: horns 2, retaliatory headbutt
a: no special abilities


You were on level 2 of the Dungeon.
You visited 1 branch of the dungeon, and saw 2 of its levels.

You collected 92 gold pieces.

Inventory:

Hand Weapons
 a - a +0 war axe (weapon)
Missiles
 f - 8 poisoned darts (quivered)
Armour
 c - a +0 buckler (worn)
 h - a +0 chain mail (worn)
Jewellery
 o - a ring of ice
Scrolls
 e - a scroll of fog {unknown}
 g - a scroll of noise {unknown}
 j - a scroll of enchant armour {unknown}
 k - 2 scrolls of identify {unknown}
 l - a scroll of immolation {unknown}
 m - 2 scrolls of teleportation {unknown}
Potions
 b - 2 potions of lignification {unknown}
 d - a potion of might
 i - a potion of mutation {unknown}
 n - 2 potions of attraction {unknown}
 p - a potion of degeneration {unknown}


   Skills:
 + Level 4.0 Fighting
 * Level 3.4 Axes
 + Level 4.0 Armour
 + Level 4.0 Shields


You had 2 spell levels left.
You didn't know any spells.
Your spell library contained the following spells:

 Spells                   Type           Power      Damage    Failure   Level
 Tukima's Dance           Hex            0%         N/A       100%        3
 Passage of Golubria      Tloc           0%         N/A       100%        4
 Yara's Violent Unravell  Hex/Tmut       0%         3d3       100%        5


Dungeon Overview and Level Annotations

Branches:
Dungeon (2/15)

Altars:

Annotations:
D:2 Crazy Yiuf


Innate Abilities, Weirdness & Mutations

You have a pair of horns on your head.
You reflexively headbutt those who attack you in melee.


Message History

You now have 80 gold pieces (gained 15).
An adder comes into view.
The adder hisses angrily.
The adder moves out of view.
The adder closely misses you.
You closely miss the adder. The adder barely misses you.
You furiously retaliate!
You headbutt the adder! You slash the adder!
You kill the adder!
o - a ring of ice
Found a stone staircase leading down.
b - 2 fuming cyan potions (gained 1)
You now have 92 gold pieces (gained 12).
You see here a staff of death.
p - a viscous green potion
f - 8 poisoned darts (gained 2) Crazy Yiuf shouts!
You open the door. You closely miss Crazy Yiuf.
You headbutt Crazy Yiuf, but do no damage.
Crazy Yiuf hits you with a +4 quarterstaff of chaos.
You barely miss Crazy Yiuf.
Crazy Yiuf hits you with a +4 quarterstaff of chaos.
You feel drained.
You barely miss Crazy Yiuf.
Crazy Yiuf hits you with a +4 quarterstaff of chaos!
Crazy Yiuf burns you.
Crazy Yiuf says, "Leather dark Hive!"
Crazy Yiuf hits you but does no damage. You resist with some effort.
You closely miss Crazy Yiuf.
Crazy Yiuf grits, "Fluff head mobile!"
Crazy Yiuf hits you with a +4 quarterstaff of chaos.
* * * LOW HITPOINT WARNING * * *
You hit Crazy Yiuf. Your headbutt misses Crazy Yiuf.
Crazy Yiuf is lightly wounded.
Crazy Yiuf hits you with a +4 quarterstaff of chaos.
* * * LOW HITPOINT WARNING * * *
You suddenly lose the ability to move!
Crazy Yiuf hits you with a +4 quarterstaff of chaos!
You die...

.#...#####.#####..##
#.....#.#..#
.....####### #....#
#.#####.#...
...........# ♣....♣
#...........
...........# ♣♣...♣
#.#####.#...
...........# ♣♣.♣♣
#.# #.####
...........# ♣♣.♣
#.# #.....
###........# ♣.♣♣
#.# ###### #
#........# ♣♣.♣ #.#
# # #........# ♣@♣♣
#.##### # #
#........# #g#
#.....# # #
####...### ...
#.....# # # ##..#
#...# #.....###### #
#..### #)..#
#...........
#######....# #####
#.....#####.
........##.# #.....#
##. ..#######..##
### ##.....####..
..# #...#####.#
#......##...#


You could see Crazy Yiuf.

Vanquished Creatures
  An adder (D:2)
  A bat (D:2)
  4 endoplasms
  4 giant cockroaches
  2 goblins (D:1)
  2 hobgoblins
  4 kobolds (D:1)
  5 quokkas
  A ball python (D:1)
  A frilled lizard (D:1)
  2 rats (D:1)
27 creatures vanquished.

Notes
Turn   | Place    | Note
-------+----------+-------------------------------------------
     0 | D:1      | cheesebisquit the Minotaur Fighter began the quest for the
                  | Orb.
     0 | D:1      | Reached XP level 1. HP: 19/19 MP: 0/0
   209 | D:1      | Reached XP level 2. HP: 27/27 MP: 1/1
  1034 | D:2      | Found a runed translucent door.
  1035 | D:2      | Noticed Crazy Yiuf
  1250 | D:2      | Reached XP level 3. HP: 33/33 MP: 2/2
  1538 | D:2      | Paralysed by Crazy Yiuf for 5 turns
  1538 | D:2      | Mangled by Crazy Yiuf

Illustrated notes

Levels and vault maps discovered:
D:1:      shiori_arrival_maze, layout_basic
D:2:      layout_basic, uniq_crazy_yiuf_cottage

Skill      XL: |  1  2  3 |
---------------+----------+-----
Axes           | 3 |  3.4
Armour         | 4 |  4.0
Fighting       | 4 |  4.0
Shields        | 4 |  4.0

Action                     || total
---------------------------++-------
  Melee: War axe           ||    62
         Headbutt          ||     6
  Throw: Dart              ||     6
 Armour: Scale mail        ||    16
         Chain mail        ||    13
  Dodge: Dodged            ||    22
  Block: Buckler           ||    14

Table legend: (Time is in decaauts)
 A = Elapsed time spent in this place.
 B = Non-inter-level travel time spent in this place.
 C = Inter-level travel time spent in this place.
 D = Time resting spent in this place.
 E = Time spent auto-exploring this place.
 F = Levels seen in this place.
 G = Mean time per level.
                   A        B        C        D        E       F      G
               +--------+--------+--------+--------+--------+-----+--------+
         Total |   1561 |   1547 |     14 |      0 |   1345 |   2 |  780.5 |
       Dungeon |   1561 |   1547 |     14 |      0 |   1345 |   2 |  780.5 |
               +--------+--------+--------+--------+--------+-----+--------+

Top non-repeatable levels by time:
     D:1: 864 daAuts
     D:2: 696 daAuts
